 Dungeon Sprint DCSS version 0.23-a0-180-ga5275e7 (webtiles) character file.

2912 Fang the Cleaver (level 9, -8/102 HPs)
             Began as a Gargoyle Berserker on Sept 18, 2018.
             Was the Champion of Trog.
             Mangled by a sun demon (13 damage)
             ... summoned by a mummy priest
             ... in the Dungeon (Sprint V: "Ziggurat Sprint").
             The game lasted 00:02:26 (302 turns).

Fang the Cleaver (Gargoyle Berserker)                Turns: 302, Time: 00:02:27

Health: -8/102     AC: 14    Str: 46    XL:     9   Next: 78%
Magic:  9/9        EV: 13    Int:  8    God:    Trog [******]
Gold:   0          SH:  0    Dex: 11    Spells: 8/8 levels left

rFire    . . .     SeeInvis .   k - +5 executioner's axe
rCold    + . .     Gourm    .   (shield currently unavailable)
rNeg     + + +     Faith    .   C - +0 scale mail "Vavvon" {rN+ Str+5 Dex+4}
rPois    ∞         Spirit   .   (no helmet)
rElec    +         Reflect  .   (no cloak)
rCorr    .         Harm     .   (no gloves)
MR       ++...     NoTele   +   (no boots)
Stlth    ..........             A - amulet of Pakkuyll {Acrobat rC+ rN+ MR++ Dex-2}
HPRegen  0.27/turn              D - +6 ring of strength
MPRegen  0.11/turn              E - +6 ring of strength

@: berserking (expiring), studying Unarmed Combat, very quick
A: negative energy resistance 1, electricity resistance, unbreathing,
petrification resistance, rot immunity, AC +6
a: Berserk, Trog's Hand, Brothers in Arms, Renounce Religion


You were in the Dungeon.
You worshipped Trog.
Trog was exalted by your worship.
You were hungry.

You visited 1 branch

Inventory:

Hand Weapons
 k - a +5 executioner's axe (weapon)
Armour
 j - +5 shadow dragon scales
 C - the +0 scale mail "Vavvon" (worn) {rN+ Str+5 Dex+4}
   (You found it in the Dungeon)

   It affects your strength (+5).
   It affects your dexterity (+4).
   It protects you from negative energy.
Jewellery
 a - an uncursed ring of fire
 b - a +3 ring of protection
 z - a +6 ring of dexterity
 A - the amulet of Pakkuyll (around neck) {Acrobat rC+ rN+ MR++ Dex-2}
   (You found it in the Dungeon)

   [amulet of the acrobat]

   It helps you evade while moving and waiting.
   It affects your dexterity (-2).
   It protects you from cold.
   It protects you from negative energy.
   It affects your resistance to hostile enchantments.
 D - a +6 ring of strength (left hand)
 E - a +6 ring of strength (right hand)
Wands
 w - a wand of disintegration (7)
 x - a wand of iceblast (7)
 y - a wand of acid (7)
Scrolls
 i - 4 scrolls of blinking
 l - 7 scrolls of fog
 m - a scroll of holy word
 n - 5 scrolls of identify
 o - 5 scrolls of remove curse
 p - 2 scrolls of fear
Potions
 d - 10 potions of curing
 e - 14 potions of heal wounds
 f - 6 potions of haste
 g - 7 potions of magic
 h - 3 potions of berserk rage
 q - 2 potions of brilliance
 r - 2 potions of invisibility
 s - 4 potions of resistance
 u - 5 potions of agility
 v - 5 potions of might
Books
 F - a manual of Unarmed Combat
Miscellaneous
 t - a lamp of fire
 B - a lamp of fire
Comestibles
 c - 7 rations


   Skills:
 + Level 13.1 Fighting
 + Level 13.4 Axes
 + Level 7.1 Armour
 + Level 5.2 Dodging
 + Level 5.1 Stealth


You had 8 spell levels left.
You didn't know any spells.
Your spell library was empty.

Dungeon Overview and Level Annotations

Branches:
Dungeon (1/1)

Altars:
Ashenzari
Cheibriados
Dithmenos
Elyvilon
Fedhas
Gozag
Hepliaklqana
Kikubaaqudgha
Makhleb
Nemelex Xobeh
Okawaru
Qazlal
Ru
Sif Muna
Trog
Uskayaw
Vehumet
Wu Jian
Xom
Yredelemnul
Zin
The Shining One
Beogh
Jiyva
Lugonu

Annotations:
D 1 transporter


Innate Abilities, Weirdness & Mutations

You are resistant to torment.
Your stone body is resilient. (AC +6)
You are immune to poison.
You resist negative energy. (rN+)
You are resistant to electric shocks. (rElec)
You can survive without breathing.
You are immune to petrification.
You are immune to rotting.


Message History

The sun demon barely misses you.
The mummy priest prays to its god.
You are too injured to fight recklessly!
Unknown command.
You are too injured to fight recklessly!
Unknown command.
You are too injured to fight recklessly!
Unknown command.
Unknown command.
You are too injured to fight recklessly!
Unknown command.
You closely miss the sun demon.
The sun demon is heavily wounded.
You barely miss the sixfirhy. You slice the phantasmal warrior!!
You barely miss the guardian mummy. You barely miss the ushabti.
The phantasmal warrior hits you but does no damage.
The sun demon hits you!!
* * * LOW HITPOINT WARNING * * *
You are engulfed in flames!
You die...

▓▓▓▓▓▓▓▓▓
▓..8©8..▓
▓..:::..▓
▓..[}W..▓
▓.WZM...▓
▓...V...▓
▓...M...▓
▓..338Z.▓
▓.▓.@M▓.▓
▓..W©...▓
▓▓▓▓▓▓▓▓▓


You could see a mummy priest, a jiangshi, a flayed ghost, a sun demon, a
phantasmal warrior, a guardian mummy, an ushabti, a spectral quokka, a sixfirhy,
a hungry ghost, a mummy and an adder simulacrum.

Vanquished Creatures
  A smoke demon (D)
  A jumping spider (D)
  A flying skull (D)
  2 tarantellas (D)
  A small abomination (D)
  A golden eye (D)
  2 floating eyes (D)
  An orc warrior (D)
  5 scorpions (D)
  2 quasits (D)
  An orc priest (D)
  2 orc wizards (D)
  2 oozes (D)
  2 adder zombies (D)
  2 orcs (D)
26 creatures vanquished.

Notes
Turn   | Place    | Note
-------+----------+-------------------------------------------
     0 | D        | Found the +6 Majin-Bo {vamp, Archmagi MP+6 Int+6}
     0 | D        | Found the +7 great mace "Firestarter" {inner flame, rF++}
     0 | D        | Fang the Gargoyle Berserker began the quest for the Orb.
     0 | D        | Reached XP level 1. HP: 14/14 MP: 1/1
     3 | D        | Found a blossoming altar of Fedhas.
     4 | D        | Found a viscous altar of Jiyva.
     4 | D        | Found a hazy altar of Hepliaklqana.
     4 | D        | Found a transporter.
     4 | D        | Found an opulent altar of Gozag.
     4 | D        | Found an ancient bone altar of Kikubaaqudgha.
     4 | D        | Found a corrupted altar of Lugonu.
     8 | D        | Found a burning altar of Makhleb.
     9 | D        | Found a sacrificial altar of Ru.
     9 | D        | Found a stormy altar of Qazlal.
     9 | D        | Found a deep blue altar of Sif Muna.
     9 | D        | Found an iron altar of Okawaru.
     9 | D        | Found a bloodstained altar of Trog.
     9 | D        | Found a sparkling altar of Nemelex Xobeh.
    71 | D        | Entered arena 2.
    71 | D        | Noticed a small abomination
    71 | D        | Noticed a smoke demon
    71 | D        | Found a transporter.
    74 | D        | Killed a small abomination
    74 | D        | Reached XP level 2. HP: 24/24 MP: 2/2
    74 | D        | Reached XP level 3. HP: 28/28 MP: 3/3
    74 | D        | Reached XP level 4. HP: 34/34 MP: 4/4
    74 | D        | Reached XP level 5. HP: 38/38 MP: 5/5
    76 | D        | Killed a smoke demon
    76 | D        | Reached ** piety under Trog
    76 | D        | Reached skill level 10 in Fighting
    76 | D        | Reached skill level 5 in Armour
    76 | D        | Reached XP level 6. HP: 48/48 MP: 6/6
    76 | D        | Reached XP level 7. HP: 52/52 MP: 7/7
   148 | D        | Entered arena 3.
   148 | D        | Found a transporter.
   167 | D        | Entered arena 4.
   167 | D        | Noticed a tarantella
   167 | D        | Noticed a jumping spider
   167 | D        | Found a transporter.
   168 | D        | Found the +7 longbow "Piercer" {penet, EV-2}
   170 | D        | Reached *** piety under Trog
   171 | D        | Killed a tarantella
   171 | D        | Reached skill level 10 in Axes
   180 | D        | Killed a jumping spider
   180 | D        | Reached XP level 8. HP: 59/60 MP: 8/8
   186 | D        | Got the amulet of Pakkuyll {Acrobat rC+ rN+ MR++ Dex-2}
   187 | D        | Reached skill level 5 in Stealth
   187 | D        | Reached XP level 9. HP: 65/65 MP: 9/9
   223 | D        | Entered arena 5.
   223 | D        | Found a transporter.
   226 | D        | Reached **** piety under Trog
   227 | D        | Reached skill level 5 in Dodging
   241 | D        | Entered arena 6.
   241 | D        | Found a transporter.
   242 | D        | Found the +8 demon blade "Bloodbane" {slice, *Rage +Rage
                  | Stlth-}
   244 | D        | Reached ***** piety under Trog
   245 | D        | Paralysed by a floating eye for 3 turns
   265 | D        | Got the +0 scale mail "Vavvon" {rN+ Str+5 Dex+4}
   278 | D        | Entered arena 7.
   279 | D        | Found a transporter.
   284 | D        | Reached ****** piety under Trog
   285 | D        | Received a gift from Trog
   292 | D        | Entered arena 8.
   292 | D        | Noticed a guardian mummy
   292 | D        | Noticed a mummy priest
   294 | D        | Found a transporter.
   296 | D        | Noticed a sun demon
   298 | D        | Noticed a sixfirhy
   299 | D        | Noticed a phantasmal warrior
   299 | D        | Noticed a jiangshi
   302 | D        | Noticed a flayed ghost
   302 | D        | HP: 5/102 [sun demon[a mummy priest] (20)]
   302 | D        | Mangled by a sun demon

Vault maps used:
D:        sprint_v

Skill      XL: |  1  2  3  4  5  6  7  8  9 |
---------------+----------------------------+-----
Fighting       | 7 10 11 12 13 | 13.1
Axes           | 6 9 11 13 | 13.4
Armour         | 4 5 6 7 |  7.1
Dodging        | 3 4 5 |  5.2
Stealth        | 5 |  5.1

Action                   |  1- 3 |  4- 6 |  7- 9 || total
-------------------------+-------+-------+-------++-------
Melee: Executioner's axe |     1 |     2 |    47 ||    50
Invok: Berserk           |     1 |       |     2 ||     3
  Use: Potion            |       |       |     1 ||     1
Armor: Shadow dragon sca |     2 |     1 |    44 ||    47
       Scale mail        |       |       |     6 ||     6
Dodge: Dodged            |     1 |     2 |    41 ||    44

Table legend:
 A = Non-vault XP
 B = Vault XP
 C = Vault XP percentage of total XP
 D = Non-vault monster count
 E = Vault monster count
 F = Vault count percentage of total count
                 A         B        C        D         E       F
            +---------+---------+-------+---------+---------+-------
      Total |       0 |    2803 | 100.0 |       0 |      26 | 100.0
            +---------+---------+-------+---------+---------+-------
          D |       0 |    2803 | 100.0 |       0 |      26 | 100.0
            +---------+---------+-------+---------+---------+-------
